 Dungeon Crawl Stone Soup version 0.25.1-9-gc5326a611f (webtiles) character file.

Game seed: 13351601126580459118

257185 Thomus the Executioner (level 19, -2/170 HPs)
             Began as a Hill Orc Fighter on June 25, 2023.
             Was the Champion of Okawaru.
             Slain by a +0 vorpal battleaxe (25 damage)
             ... on level 2 of the Elven Halls.
             The game lasted 02:08:12 (51842 turns).

Thomus the Executioner (Hill Orc Fighter)          Turns: 51842, Time: 02:08:14

Health: -2/170     AC: 22    Str: 27    XL:     19   Next: 83%
Magic:  17/19      EV:  7    Int:  8    God:    Okawaru [******]
Gold:   2235       SH:  6    Dex: 23    Spells: 18/18 levels left

rFire    + + .     SeeInvis +   W - +7 broad axe (flame)
rCold    + . .     Gourm    .   l - +2 buckler {reflect}
rNeg     . . .     Faith    +   C - +4 chain mail {MR+}
rPois    +         Spirit   .   g - +2 helmet {SInv}
rElec    +         Reflect  +   h - +2 cloak {MR+}
rCorr    .         Harm     .   G - +0 pair of fencer's gloves {Riposte Dex+3}
MR       +++..                  c - +2 pair of boots {run}
Stlth    ..........             p - amulet "Suntumac" {Faith rF+}
HPRegen  0.38/turn              Q - ring of Addah {+Blink rElec rPois Str+6 Dex+4}
MPRegen  0.16/turn              H - ring of Kusudde {rF+ rC+ SInv}

@: heroism, extremely drained, quick
A: no striking features
}: 2/15 runes: decaying, gossamer
a: Heroism, Finesse, Renounce Religion, Evoke Blink


You were on level 2 of the Elven Halls.
You worshipped Okawaru.
Okawaru was exalted by your worship.
You were not hungry.

You visited 7 branches of the dungeon, and saw 34 of its levels.
You visited the Abyss 1 time.
You also visited: Sewer, Ossuary and Ice Cave.

You collected 3979 gold pieces.
You spent 1744 gold pieces at shops.

Inventory:

Hand Weapons
 W - a +7 broad axe of flaming (weapon)
Missiles
 o - 18 javelins
 q - 68 poisoned darts
 w - 21 boomerangs
 J - 4 silver boomerangs
 K - 3 curare-tipped darts (quivered)
 U - 15 silver javelins
Armour
 c - a +2 pair of boots of running (worn)
 g - a +2 helmet of see invisible (worn)
 h - a +2 cloak of magic resistance (worn)
 l - a +2 buckler of reflection (worn)
 C - a +4 chain mail of magic resistance (worn)
 G - the +0 pair of fencer's gloves (worn) {Riposte Dex+3}
   (Okawaru gifted it to you on level 2 of the Spider Nest)

   It affects your dexterity (+3).
Jewellery
 p - the amulet "Suntumac" (around neck) {Faith rF+}
   (You bought it in a shop on level 2 of the Orcish Mines)

   [amulet of faith]

   It allows you to gain divine favour quickly.
   It protects you from fire.
 H - the ring of Kusudde (right hand) {rF+ rC+ SInv}
   (You took it off an orc on level 13 of the Dungeon)

   [ring of see invisible]

   It protects you from fire.
   It protects you from cold.
   It lets you see invisible.
 Q - the ring of Addah (left hand) {+Blink rElec rPois Str+6 Dex+4}
   (You found it on level 8 of the Dungeon)

   [ring of strength]

   It affects your strength (+6).
   It affects your dexterity (+4).
   It insulates you from electricity.
   It protects you from poison.
   It lets you blink.
Wands
 e - a wand of digging (8)
 E - a wand of paralysis (2)
 V - a wand of clouds (4)
 X - a wand of acid (18)
Scrolls
 k - 21 scrolls of remove curse
 n - 7 scrolls of magic mapping
 u - 7 scrolls of immolation
 v - 3 scrolls of fog
 x - 8 scrolls of fear
 y - 4 scrolls of blinking
 F - 11 scrolls of teleportation
 O - 3 scrolls of silence
 R - 5 scrolls of identify
 T - a scroll of holy word
Potions
 a - 7 potions of flight
 b - a potion of stabbing
 d - a potion of might
 i - 3 potions of heal wounds
 j - 3 potions of invisibility
 r - a potion of berserk rage
 s - 2 potions of resistance
 z - 17 potions of curing
 A - 3 potions of haste
 B - 2 potions of mutation
 I - 8 potions of ambrosia
 L - 4 potions of cancellation
Comestibles
 f - 47 rations


   Skills:
 + Level 15.0(0.0) Fighting
 * Level 23.2(0.0) Axes
 + Level 11.2(0.0) Throwing
 * Level 16.2(0.0) Armour
 + Level 5.0(0.0) Dodging
 * Level 18.3(0.0) Shields
 + Level 1.1(0.0) Invocations
 - Level 0.2(0.0) Evocations


You had 18 spell levels left.
You didn't know any spells.
Your spell library contained the following spells:

 Spells                   Type           Power        Failure   Level  Hunger
 Animate Skeleton         Necr           N/A          99%         1    ##.....
 Apportation              Tloc           #.....       99%         1    ##.....
 Corona                   Hex            #......      99%         1    ##.....
 Freeze                   Ice            #...         99%         1    ##.....
 Infusion                 Chrm           #...         99%         1    ##.....
 Magic Dart               Conj           #...         99%         1    ##.....
 Sandblast                Erth           #.....       99%         1    ##.....
 Sting                    Tmut/Pois      #...         99%         1    ##.....
 Summon Small Mammal      Summ           #...         99%         1    ##.....
 Blink                    Tloc           N/A          100%        2    ###....
 Call Imp                 Summ           #.......     100%        2    ###....
 Corpse Rot               Necr/Air       N/A          100%        2    ###....
 Ensorcelled Hibernation  Hex/Ice        #.....       100%        2    ###....
 Passwall                 Tmut/Erth      #.......     100%        2    ###....
 Poisonous Vapours        Pois/Air       #.....       100%        2    ###....
 Searing Ray              Conj           #.....       100%        2    ###....
 Shroud of Golubria       Chrm/Tloc      #.....       100%        2    ###....
 Slow                     Hex            #.......     100%        2    ###....
 Song of Slaying          Chrm           #.......     100%        2    ###....
 Sticks to Snakes         Tmut           #.......     100%        2    ###....
 Call Canine Familiar     Summ           #.......     100%        3    ####...
 Confusing Touch          Hex            #.......     100%        3    ####...
 Conjure Flame            Conj/Fire      #.......     100%        3    ####...
 Dazzling Flash           Conj/Hex       #.....       100%        3    ####...
 Frozen Ramparts          Ice            #.....       100%        3    ####...
 Ignite Poison            Fire/Tmut/Pois #.......     100%        3    ####...
 Mephitic Cloud           Conj/Pois/Air  #.......     100%        3    ####...
 Ozocubu's Armour         Chrm/Ice       #.......     100%        3    ####...
 Spectral Weapon          Hex/Chrm       #.......     100%        3    ####...
 Spider Form              Tmut/Pois      #.........   100%        3    ####...
 Stone Arrow              Conj/Erth      #.....       100%        3    ####...
 Summon Guardian Golem    Hex/Summ       #.......     100%        3    ####...
 Tukima's Dance           Hex            #.......     100%        3    ####...
 Fulminant Prism          Conj/Hex       #.........   100%        4    #####..
 Hailstorm                Conj/Ice       #.......     100%        4    #####..
 Ice Form                 Ice/Tmut       #.......     100%        4    #####..
 Iskenderun's Mystic Bla  Conj/Tloc      #.......     100%        4    #####..
 Leda's Liquefaction      Hex/Erth       #.........   100%        4    #####..
 Olgreb's Toxic Radiance  Pois           #.......     100%        4    #####..
 Petrify                  Tmut/Erth      #.......     100%        4    #####..
 Sticky Flame             Conj/Fire      #.......     100%        4    #####..
 Summon Ice Beast         Ice/Summ       #.......     100%        4    #####..
 Summon Lightning Spire   Summ/Air       #.......     100%        4    #####..
 Alistair's Intoxication  Tmut/Pois      #.......     100%        5    ######.
 Blade Hands              Tmut           #.........   100%        5    ######.
 Bolt of Magma            Conj/Fire/Erth #.........   100%        5    ######.
 Fireball                 Conj/Fire      #.........   100%        5    ######.
 Irradiate                Conj/Tmut      #.........   100%        5    ######.
 Iskenderun's Battlesphe  Conj/Chrm      #.......     100%        5    ######.
 Lee's Rapid Deconstruct  Erth           #.........   100%        5    ######.
 Metabolic Englaciation   Hex/Ice        #.........   100%        5    ######.
 Silence                  Hex/Air        #.........   100%        5    ######.
 Summon Forest            Summ/Tloc      #.........   100%        5    ######.
 Conjure Ball Lightning   Conj/Air       #.........   100%        6    #######
 Eringya's Noxious Bog    Tmut/Pois      #.........   100%        6    #######
 Freezing Cloud           Conj/Ice/Air   #.........   100%        6    #######
 Hydra Form               Tmut           #.........   100%        6    #######
 Iron Shot                Conj/Erth      #.........   100%        6    #######
 Ozocubu's Refrigeration  Ice            #.........   100%        6    #######
 Simulacrum               Ice/Necr       #.........   100%        6    #######
 Starburst                Conj/Fire      #.........   100%        6    #######
 Statue Form              Tmut/Erth      #........    100%        6    #######
 Dragon Form              Tmut           #.........   100%        7    #######
 Haunt                    Necr/Summ      #.........   100%        7    #######
 Orb of Destruction       Conj           #.........   100%        7    #######
 Ring of Flames           Chrm/Fire      #.........   100%        7    #######
 Spellforged Servitor     Conj/Summ      #.........   100%        7    #######
 Summon Hydra             Summ           #.........   100%        7    #######
 Borgnjor's Revivificati  Necr           #.........   100%        8    #######
 Death's Door             Chrm/Necr      #.........   100%        8    #######
 Ignition                 Fire           #.........   100%        8    #######
 Infestation              Necr           #.........   100%        8    #######
 Necromutation            Tmut/Necr      #.........   100%        8    #######
 Shatter                  Erth           #.........   100%        9    #######
 Tornado                  Air            #.........   100%        9    #######


Dungeon Overview and Level Annotations

Branches:
Dungeon (15/15)            Temple (1/1) D:6            Lair (6/6) D:10
  Swamp (4/4) Lair:2       Spider (4/4) Lair:3        Slime (0/5) Lair:5
    Orc (2/2) D:10            Elf (2/3) Orc:2        Vaults (0/5) D:14
 Depths (0/5) D:15          Sewer (visited)         Ossuary (visited)
  IceCv (visited)

Altars:
Ashenzari
Cheibriados
Dithmenos
Elyvilon
Fedhas
Gozag
Hepliaklqana
Kikubaaqudgha
Makhleb
Nemelex Xobeh
Okawaru
Qazlal
Ru
Sif Muna
Trog
Uskayaw
Vehumet
Wu Jian
Xom
Yredelemnul
Zin
The Shining One
Beogh

Shops:
D:6 [(*   D:10 =   D:11 }   D:15 %   Orc:1 (   Orc:2 *=[(   Elf:2 :=}

Annotations:
D:5 1 runed translucent door, Thomus's ghost, novice DECj
D:10 1 runed translucent door, Thomus's ghost, journeyman HOFi
D:13 3 runed translucent doors


Message History

Unknown command.
Unknown command.
You gain the combat prowess of a mighty hero.
The +1 vorpal dire flail hits you. The +0 vorpal battleaxe hits you.
The deep elf knight shoots an arrow.
The arrow hits you but does no damage.
Unknown command.
You closely miss the +1 vorpal dire flail.
You completely miss the +0 vorpal battleaxe.
The +1 vorpal dire flail hits you!!
The deep elf knight shoots an arrow.
The arrow hits you but does no damage.
The +1 vorpal dire flail hits you but does no damage.
The +0 vorpal battleaxe barely misses you.
The +2 executioner's axe of draining hits you!!
* * * LOW HITPOINT WARNING * * *
You feel drained.
* * * LOW HITPOINT WARNING * * *
The +1 vorpal dire flail hits you!
* * * LOW HITPOINT WARNING * * *
x2 The +0 vorpal battleaxe hits you!!
You die...

.# ##...###........ .#
##...#......... .#
##.............
##########..............
#.....##........^......
##.#######..............
.#.# ##.............
...# ##......(......
.### ##......@(...... .#
#.......e(......
.#########...)..........
.......# ##.............
######## #...##........
#...#####...... #...##
#..... #.... ..(.. #....
..


You could see a deep elf knight (fast) and 3 dancing weapons.

Vanquished Creatures
  Bai Suzhen (Spider:3)
  Nikola (Spider:2)
  Arachne (Spider:2)
  Rupert (D:12)
  A deep elf blademaster (Elf:2)
  Frances (Spider:2)
  Kirke (Swamp:4)
  2 thorn hunters
  Roxanne (Spider:4)
  Donald (Swamp:1)
  Louise (Swamp:4)
  5 ghost moths (Spider:4)
  A frost giant (IceCv)
  A deep elf elementalist (Elf:2)
  An orc warlord (Orc:2)
  8 emperor scorpions
  3 entropy weavers
  Azrael (Orc:2)
  2 deep elf annihilators (Elf:1)
  An eidolon (Abyss:1)
  A great orb of eyes (Abyss:1)
  25 hydras
  6 ghost crabs
  A catoblepas (Lair:4)
  A centaur warrior (D:13)
  3 shambling mangroves
  A death knight (D:14)
  12 dancing weapons
  3 ogre magi
  12 alligators
  8 death yaks
  15 two-headed ogres
  A tengu warrior (D:13)
  A titan zombie (Abyss:1)
  2 thrashing horrors (Abyss:1)
  A hell hog (Swamp:3)
  Urug (Orc:2)
  2 orc high priests
  Nergalle (Lair:4)
  11 deep elf knights
  3 skeletal warriors
  Sonja (Orc:2)
  A spark wasp zombie (D:15)
  7 swamp dragons
  An unseen horror (D:13)
  A flayed ghost (D:15)
  4 spriggan druids
  4 deep elf archers
  Pikel (D:5)
  A necromancer (D:15)
  3 lindwurms (Swamp:4)
  A mana viper (Abyss:1)
  5 orc knights
  A phantasmal warrior (D:14)
  6 oklob plants
  35 deep elf magi
  16 wolf spiders
  3 orc sorcerers (Orc:2)
  A worldbinder (Abyss:1)
  17 orb spiders
  3 cyclopes
  A manticore (Lair:5)
  5 ugly things (D:15)
  A black mamba (Lair:4)
  3 ice statues (IceCv)
  An elephant (Lair:1)
  4 apocalypse crabs (Swamp:3)
  33 spiny frogs
  A smoke demon (Abyss:1)
  An elf zombie (D:15)
  A torpor snail (Spider:3)
  2 gargoyles
  4 komodo dragons
  3 yaktaurs (D:14)
  2 freezing wraiths (D:14)
  8 demonic crawlers
  9 rime drakes
  A guardian mummy (D:15)
  2 hellwings (Abyss:1)
  5 kobold demonologists
  4 red devils (Elf:2)
  18 jumping spiders
  A tengu conjurer (D:13)
  6 trolls
  15 hornets
  A troll (shapeshifter) (D:14)
  A meliai (shapeshifter) (Abyss:1)
  11 polar bears
  Grinder (D:4)
  11 tyrant leeches
  5 raiju (Abyss:1)
  A deep troll zombie (D:15)
  17 slime creatures
  6 bog bodies
  33 blink frogs
  8 dream sheep
  11 hippogriffs
  Sigmund (D:2)
  8 large abominations (Abyss:1)
  7 spriggans
  3 air elementals
  3 shadows
  A water elemental (Elf:2)
  A deep troll skeleton (D:15)
  17 tarantellas
  43 redbacks
  48 yaks
  9 wyverns
  2 wraiths
  2 fire elementals
  9 basilisks
  3 hungry ghosts
  3 chaos spawn (D:13)
  24 vampire mosquitoes
  4 small abominations (Abyss:1)
  14 swamp worms
  3 acid dragons
  6 insubstantial wisps (Swamp:1)
  4 wargs
  13 water moccasins
  8 porcupines
  Duvessa (D:4)
  3 hell hounds (Orc:1)
  39 orc warriors
  6 sky beasts
  A meliai simulacrum (D:15)
  A slave (D:5)
  13 swamp drakes
  9 ice beasts
  3 black bears
  3 phantoms
  8 centaurs
  20 wolves
  18 ogres
  7 crocodiles
  5 big kobolds
  26 bullfrogs
  A wyvern zombie (D:14)
  Dowan (D:4)
  A wyvern skeleton (D:14)
  2 scorpions
  4 killer bees (D:9)
  6 howler monkeys
  5 wights (D:11)
  2 electric eels
  A centaur zombie (D:8)
  6 crimson imps
  4 hounds
  A quasit (D:12)
  4 bullfrog zombies
  Crazy Yiuf (D:2)
  6 jellies
  20 orc priests
  2 bullfrog skeletons
  A gnoll shaman (D:7)
  32 orc wizards
  8 centaur skeletons
  3 iguanas
  10 worker ants
  Ijyb (D:4)
  A killer bee zombie (D:9)
  A hound skeleton (D:7)
  12 mummies (Ossuary)
  8 gnolls
  14 adders
  A howler monkey skeleton (D:10)
  A river rat (Sewer)
  10 shadow imps
  A white imp (Abyss:1)
  An ufetubus (Abyss:1)
  An adder skeleton (D:4)
  3 worms
  A dart slug (D:2)
  7 leopard geckos
  100 orcs
  6 giant cockroaches
  5 goblins
  3 hobgoblins
  3 jackals (D:4)
  A quokka (D:5)
  7 ball pythons
  6 bats
  9 frilled lizards
  2 gnoll skeletons (Ossuary)
  A goblin skeleton (Ossuary)
  25 kobolds
  2 kobold skeletons (Ossuary)
  A leopard gecko zombie (D:5)
  3 orc skeletons (Ossuary)
  2 quokka skeletons (D:9)
  12 rats
  11 rat skeletons (Ossuary)
  2 bushes (Lair:6)
  3 fungi
  5 plants
  3 withered plants (D:15)
1290 creatures vanquished.

Vanquished Creatures (others)
  A deep elf mage (Elf:1)
  An orb spider (Spider:2)
  2 spiny frogs (Swamp:2)
  A tarantella (Spider:2)
  3 humans (Swamp:4)
  A hog (Swamp:4)
  An eye of draining (D:13)
  16 fungi
  40 plants
  2 withered plants (D:15)
68 creatures vanquished.

Grand Total: 1358 creatures vanquished

Notes
Turn   | Place    | Note
-------+----------+-------------------------------------------
     0 | D:1      | Thomus the Hill Orc Fighter began the quest for the Orb.
     0 | D:1      | Reached XP level 1. HP: 19/19 MP: 1/1
   226 | D:1      | Reached skill level 3 in Axes
   288 | D:1      | Reached XP level 2. HP: 27/27 MP: 2/2
   790 | D:2      | Reached XP level 3. HP: 23/33 MP: 3/3
  1241 | D:2      | Reached skill level 4 in Axes
  1295 | D:2      | Noticed Sigmund
  1640 | D:2      | Killed Sigmund
  1640 | D:2      | Reached skill level 5 in Axes
  1640 | D:2      | Reached XP level 4. HP: 18/40 MP: 4/4
  1640 | D:2      | Reached XP level 5. HP: 20/46 MP: 5/5
  1816 | D:2      | Found a sparkling altar of Nemelex Xobeh.
  2069 | D:2      | Reached XP level 6. HP: 52/52 MP: 6/6
  2131 | D:2      | Found a runed translucent door.
  2132 | D:2      | Noticed Crazy Yiuf
  2137 | D:2      | Killed Crazy Yiuf
  2137 | D:2      | Reached skill level 6 in Axes
  2714 | D:3      | Found a glowing drain.
  2723 | Sewer    | Entered a sewer
  2796 | Sewer    | Reached skill level 7 in Axes
  3154 | D:3      | Found a glowing silver altar of Zin.
  3440 | D:4      | Found a hide-covered altar of Uskayaw.
  3693 | D:4      | Noticed Grinder
  3815 | D:4      | Reached XP level 7. HP: 60/60 MP: 7/7
  3840 | D:4      | Killed Grinder
  3840 | D:4      | Reached skill level 1 in Throwing
  3988 | D:4      | Noticed Dowan
  3989 | D:4      | Noticed Duvessa
  4006 | D:4      | Killed Duvessa
  4006 | D:4      | Reached skill level 8 in Axes
  4033 | D:4      | Killed Dowan
  4148 | D:4      | Reached XP level 8. HP: 67/67 MP: 8/8
  4207 | D:4      | Reached skill level 5 in Shields
  4517 | D:4      | Noticed Ijyb
  4528 | D:4      | Killed Ijyb
  4529 | D:4      | Reached skill level 9 in Axes
  4899 | D:5      | Entered Level 5 of the Dungeon
  4907 | D:5      | Reached skill level 5 in Fighting
  4907 | D:5      | Reached skill level 5 in Armour
  5092 | D:5      | Found a sand-covered staircase.
  5097 | Ossuary  | Entered an ossuary
  5678 | D:5      | Reached skill level 10 in Axes
  5768 | D:5      | Found an iron altar of Okawaru.
  5773 | D:5      | Became a worshipper of Warmaster Okawaru
  5829 | D:5      | Found a bloodstained altar of Trog.
  5830 | D:5      | Found an ancient bone altar of Kikubaaqudgha.
  5831 | D:5      | Found a snail-covered altar of Cheibriados.
  5832 | D:5      | Found a shadowy altar of Dithmenos.
  5832 | D:5      | Found a blossoming altar of Fedhas.
  5837 | D:5      | Found a hazy altar of Hepliaklqana.
  6123 | D:5      | Found a radiant altar of Vehumet.
  6373 | D:5      | Found a runed translucent door.
  6381 | D:5      | Noticed Thomus's ghost (novice DECj)
  6810 | D:6      | Noticed Pikel
  6997 | D:5      | Killed Pikel
  6997 | D:5      | Reached * piety under Okawaru
  6997 | D:5      | Reached XP level 9. HP: 69/75 MP: 9/9
  7078 | D:6      | Found Zehune's Antique Armour Emporium.
  7107 | D:6      | Found Retiy's Weapon Emporium.
  7256 | D:6      | Found Tusoprib's General Store.
  7269 | D:6      | Reached skill level 11 in Axes
  7329 | D:6      | Found a staircase to the Ecumenical Temple.
  7586 | D:7      | Found a shimmering altar of Xom.
  7619 | D:7      | Reached ** piety under Okawaru
  8245 | D:7      | Found an ancient bone altar of Kikubaaqudgha.
  8512 | D:8      | Reached skill level 12 in Axes
  8675 | D:8      | Got a vibrating steel ring
  8677 | D:8      | Identified the ring of Addah {+Blink rElec rPois Str+6
                  | Dex+4} (You found it on level 8 of the Dungeon)
  9330 | D:8      | Reached XP level 10. HP: 84/84 MP: 10/10
  9451 | D:9      | Reached *** piety under Okawaru
  9557 | D:8      | Reached skill level 1 in Dodging
 10214 | D:9      | Reached skill level 13 in Axes
 10313 | D:9      | Reached **** piety under Okawaru
 10809 | D:9      | Received a gift from Okawaru
 11316 | D:10     | Entered Level 10 of the Dungeon
 11351 | D:10     | Noticed a cyclops
 11368 | D:10     | Killed a cyclops
 11634 | D:10     | Reached XP level 11. HP: 20/92 MP: 3/11
 12151 | D:10     | Reached skill level 14 in Axes
 12155 | D:10     | Noticed a two-headed ogre
 12174 | D:10     | Killed a two-headed ogre
 12334 | D:10     | Found Magupeh's Jewellery Emporium.
 12437 | D:10     | Found a runed translucent door.
 12544 | D:10     | Found a staircase to the Lair.
 12615 | D:10     | Found a staircase to the Orcish Mines.
 12759 | D:10     | Noticed Thomus's ghost (journeyman HOFi)
 12905 | D:11     | Reached ***** piety under Okawaru
 12981 | D:11     | Received a gift from Okawaru
 13105 | D:11     | Noticed a two-headed ogre
 13117 | D:11     | Killed a two-headed ogre
 13136 | D:11     | Noticed a two-headed ogre
 13136 | D:11     | Noticed a two-headed ogre
 13159 | D:11     | Killed a two-headed ogre
 13194 | D:11     | Noticed a two-headed ogre
 13199 | D:11     | Noticed an ogre mage
 13204 | D:11     | Killed a two-headed ogre
 13221 | D:11     | Noticed a two-headed ogre
 13225 | D:11     | Killed a two-headed ogre
 13225 | D:11     | Reached skill level 15 in Axes
 13237 | D:11     | Killed an ogre mage
 13237 | D:11     | Reached skill level 5 in Throwing
 13237 | D:11     | Reached skill level 10 in Shields
 13240 | D:11     | Killed a two-headed ogre
 13240 | D:11     | Reached XP level 12. HP: 89/101 MP: 4/12
 13528 | D:11     | Found Hoeblida's Gadget Emporium.
 13647 | D:11     | Received a gift from Okawaru
 14092 | D:12     | Noticed Rupert
 14120 | D:12     | Killed Rupert
 14120 | D:12     | Received a gift from Okawaru
 14629 | D:12     | Reached skill level 10 in Armour
 15274 | Lair:1   | Entered Level 1 of the Lair of Beasts
 15403 | D:6      | Bought a pair of translucent gloves for 247 gold pieces
 15403 | D:6      | Bought a pair of embroidered boots for 195 gold pieces
 15413 | D:6      | Identified a +1 pair of boots of running (You bought it in
                  | a shop on level 6 of the Dungeon)
 15418 | D:6      | Identified the +1 pair of gloves of the Pirate {rElec} (You
                  | bought it in a shop on level 6 of the Dungeon)
 15749 | Lair:1   | You fall into a shaft and drop 1 floor!
 15787 | Lair:2   | Noticed a seven-headed hydra
 15805 | Lair:2   | Killed a seven-headed hydra
 15893 | Lair:2   | Reached skill level 16 in Axes
 16060 | Lair:2   | Received a gift from Okawaru
 16287 | Lair:2   | Noticed a five-headed hydra
 16297 | Lair:2   | Killed a five-headed hydra
 16463 | Lair:2   | Found a staircase to the Swamp.
 16913 | Lair:1   | You fall into a shaft and drop 1 floor!
 17210 | Lair:1   | Reached XP level 13. HP: 86/108 MP: 4/13
 18149 | Lair:3   | Found a hole to the Spider Nest.
 19382 | Lair:4   | Received a gift from Okawaru
 20354 | Lair:4   | Reached skill level 17 in Axes
 20453 | Lair:4   | Noticed Nergalle
 20467 | Lair:4   | Killed Nergalle
 20480 | Lair:4   | Reached ****** piety under Okawaru
 20595 | Lair:4   | Received a gift from Okawaru
 21228 | Lair:5   | Found a staircase to the Slime Pits.
 21291 | Lair:5   | Received a gift from Okawaru
 21506 | Lair:5   | Reached XP level 14. HP: 116/119 MP: 14/14
 21918 | Lair:5   | Reached skill level 18 in Axes
 22602 | Lair:5   | Reached skill level 10 in Fighting
 23071 | Lair:5   | Identified the Reference Book on Feathers and Envenoming
 23081 | Lair:5   | Identified the Grimoire of Transmutation and Stones
 23892 | Orc:1    | Entered Level 1 of the Orcish Mines
 24144 | Orc:1    | Found Caty's Weapon Boutique.
 24574 | Orc:2    | Entered Level 2 of the Orcish Mines
 24574 | Orc:2    | Noticed Azrael
 24650 | D:10     | Bought an uncursed ring of protection from fire for 275
                  | gold pieces
 24751 | Orc:2    | Killed Azrael
 24751 | Orc:2    | Received a gift from Okawaru
 25081 | Orc:2    | Noticed Sonja
 25086 | Orc:2    | Killed Sonja
 25311 | Orc:2    | Found a staircase to the Elven Halls.
 25435 | Orc:2    | Noticed Urug
 25458 | Orc:2    | Killed Urug
 25659 | Orc:2    | Noticed an orc warlord
 25685 | Orc:2    | Killed an orc warlord
 25864 | Orc:2    | Received a gift from Okawaru
 25907 | Orc:2    | Found a roughly hewn altar of Beogh.
 25988 | Orc:2    | Found Piemn's Jewellery Shoppe.
 26001 | Orc:2    | Bought the amulet "Suntumac" {Faith rF+} for 972 gold
                  | pieces
 26072 | Orc:2    | Reached XP level 15. HP: 98/128 MP: 15/15
 26179 | Orc:2    | Found Xaulaimn's Antique Armour Shoppe.
 26193 | Orc:2    | Found Wemaugob's Antique Weapon Shoppe.
 26272 | Orc:2    | Found Yfiophue's General Store.
 26279 | Orc:2    | Bought a scroll of identify for 22 gold pieces
 26279 | Orc:2    | Bought 5 curare-tipped darts for 33 gold pieces
 26660 | Lair:6   | Entered Level 6 of the Lair of Beasts
 26982 | Lair:6   | Received a gift from Okawaru
 27079 | Lair:6   | Received a gift from Okawaru
 27079 | Lair:6   | Reached skill level 19 in Axes
 27092 | Lair:6   | Reached skill level 15 in Shields
 27281 | Lair:6   | Got a pair of fine gloves
 27292 | Lair:6   | Identified the +3 pair of gloves of the Mackerel {rC+ Str+3
                  | Stlth+} (You found it on level 6 of the Lair of Beasts)
 28286 | D:13     | Found a stormy altar of Qazlal.
 28424 | D:13     | Found the +7 mace of Variability {chain chaos}
 28431 | D:13     | Found a shimmering altar of Xom.
 28647 | D:13     | Identified the ring of Kusudde {rF+ rC+ SInv}
 28817 | D:13     | Found a runed translucent door.
 28829 | D:13     | Found a runed translucent door.
 28830 | D:13     | Found a runed translucent door.
 28886 | D:13     | Got a pair of spiked gloves
 28897 | D:13     | Identified the +1 pair of gloves "Kaluphy" {-Tele rN+ Int+4
                  | Stlth+} (You found it on level 13 of the Dungeon)
 29415 | D:14     | Received a gift from Okawaru
 29625 | D:14     | Found a gate to the Vaults.
 29919 | D:14     | Received a gift from Okawaru
 29925 | D:14     | Reached XP level 16. HP: 95/138 MP: 16/16
 29948 | D:14     | Got an ancient broad axe {god gift}
 29949 | D:14     | Identified the +4 broad axe of Caczoe {vorpal, Fragile rN+
                  | Dex+2} (Okawaru gifted it to you on level 14 of the
                  | Dungeon)
 30507 | D:14     | Received a gift from Okawaru
 30507 | D:14     | Reached skill level 20 in Axes
 31121 | D:15     | Entered Level 15 of the Dungeon
 31176 | D:15     | Found Juepp's Food Shop.
 31184 | D:15     | Found a frozen archway.
 31208 | IceCv    | Entered an ice cave
 32280 | D:15     | Found a staircase to the Depths.
 32974 | D:15     | Found a shadowy altar of Dithmenos.
 33334 | Temple   | Entered the Ecumenical Temple
 33543 | Swamp:1  | Entered Level 1 of the Swamp
 33565 | Swamp:1  | Received a gift from Okawaru
 33738 | Swamp:1  | Noticed Donald
 33750 | Swamp:1  | Killed Donald
 34816 | Swamp:2  | Found a transporter.
 34850 | Swamp:2  | Received a gift from Okawaru
 35134 | Swamp:2  | Found a transporter.
 35959 | Swamp:2  | Reached XP level 17. HP: 119/148 MP: 17/17
 36182 | Swamp:3  | Received a gift from Okawaru
 36205 | Swamp:3  | Reached skill level 21 in Axes
 36404 | Swamp:3  | Received a gift from Okawaru
 36446 | Swamp:3  | Found a runed translucent door.
 36550 | Swamp:3  | Received a gift from Okawaru
 36998 | Swamp:3  | Received a gift from Okawaru
 37557 | Swamp:3  | Cast into level 1 of the Abyss (apocalypse crab)
 37645 | Abyss:1  | Found a corrupted altar of Lugonu.
 38208 | Swamp:3  | Escaped the Abyss
 38423 | Swamp:3  | Paralysed by you for 7 turns
 38468 | Swamp:3  | Got a pitted kite shield
 38479 | Swamp:3  | Identified the +1 kite shield of Liberty {rC+ Str-3 Dex+2}
                  | (You found it on level 3 of the Swamp)
 38769 | Spider:1 | Entered Level 1 of the Spider Nest
 39237 | Spider:2 | Noticed Nikola
 39259 | Spider:2 | Killed Nikola
 39351 | Spider:2 | Noticed Arachne
 39364 | Spider:2 | Killed Arachne
 39802 | Spider:2 | Received a gift from Okawaru
 40555 | Spider:2 | Noticed Frances
 40567 | Spider:2 | Killed Frances
 40567 | Spider:2 | Received a gift from Okawaru
 40567 | Spider:2 | Reached skill level 10 in Throwing
 40567 | Spider:2 | Reached XP level 18. HP: 142/158 MP: 18/18
 40568 | Spider:2 | Found the +0 pair of fencer's gloves {Riposte Dex+3}
 41458 | Spider:3 | Reached skill level 15 in Armour
 41515 | Spider:3 | Noticed Bai Suzhen
 41553 | Spider:3 | Killed Bai Suzhen
 41726 | Spider:3 | Reached skill level 22 in Axes
 42527 | Spider:4 | Entered Level 4 of the Spider Nest
 42767 | Spider:4 | Noticed Roxanne
 44352 | Spider:4 | Received a gift from Okawaru
 44825 | Spider:4 | Received a gift from Okawaru
 44863 | Spider:4 | Got a pair of jewelled boots {god gift}
 44988 | Spider:4 | Got a gossamer rune of Zot
 45009 | Spider:4 | Identified the -5 pair of boots "Seeteq" {rElec rC+++ rCorr
                  | Str-3} (Okawaru gifted it to you on level 4 of the Spider
                  | Nest)
 45111 | Spider:4 | Killed Roxanne
 45527 | Swamp:4  | Entered Level 4 of the Swamp
 45911 | Swamp:4  | Reached XP level 19. HP: 103/167 MP: 19/19
 46483 | Swamp:4  | Got a decaying rune of Zot
 46495 | Swamp:4  | Noticed Kirke
 46506 | Swamp:4  | Noticed Louise
 46507 | Swamp:4  | Killed Kirke
 46532 | Swamp:4  | Killed Louise
 47358 | Elf:1    | Entered Level 1 of the Elven Halls
 47376 | Elf:1    | Received a gift from Okawaru
 48466 | Elf:1    | Identified Joil's Collected Works on Conjuration
 48843 | Elf:2    | Found Dihello's Jewellery Shop.
 48912 | Elf:2    | Found a runed translucent gate.
 48916 | Elf:2    | Reached skill level 23 in Axes
 48917 | Elf:2    | Found a runed translucent gate.
 48942 | Elf:2    | Found a runed translucent gate.
 49492 | Elf:2    | Found Cazon's Book Boutique.
 49620 | Elf:2    | Found Rahoerukhlu's Gadget Emporium.
 49769 | Elf:2    | Reached skill level 5 in Dodging
 50219 | Elf:2    | Received a gift from Okawaru
 50219 | Elf:2    | Reached skill level 15 in Fighting
 50983 | Elf:2    | Reached skill level 1 in Invocations
 51328 | Elf:2    | Received a gift from Okawaru
 51842 | Elf:2    | Slain by a +0 vorpal battleaxe

Illustrated notes

Levels and vault maps discovered:
D:1:      shiori_shiawase, layout_basic
D:2:      layout_basic, nicolae_overflow_hidden_temple, first_ration,
          uniq_crazy_yiuf_cottage, uniq_sigmund
D:3:      layout_loops_cross, marbit_many_paths, portal_sewer_entry_d
D:4:      layout_loops_ring, nicolae_overflow_crystal_walls,
          kennysheep_generic_room_11, uniq_grinder, uniq_ijyb, uniq_duvessa
D:5:      layout_layer_cave, old_standard_altar, lemuel_doored_altar,
          grunt_temple_overflow_open, enter_ossuary_5, ebering_ghost_sewer_d
D:6:      layout_basic, minmay_temple_entry_statues, serial_shops,
          nicolae_shop_competitors_out_of_business, shop_fountains, shop,
          uniq_pikel
D:7:      layout_rooms, basic_altar, xom_teletrap_fun
D:8:      layout_cave_pods
D:9:      layout_irregular_city
D:10:     layout_roguey, grunt_lair_entry_orc_guard_hut, orc_0_dummy,
          serial_shops, shop_statue, serial_glass, glass_columns_a,
          glass_columns_a, glass_columns_a, glass_columns_a,
          ebering_ghost_inner_flame, grunt_ogre_cave, minmay_sticks_and_stones
D:11:     layout_loops_ring, serial_shops, kennysheep_mini_moat
D:12:     layout_layer_cave, uniq_rupert
D:13:     minmay_the_grid_triangle_9x9_recursive_3_mashed
          [minmay_the_grid_triangle_9x9_tough_junction,
          minmay_the_grid_triangle_9x9_sprig,
          minmay_the_grid_triangle_9x9_odd_lines,
          minmay_the_grid_triangle_9x9_prize_top_heavy,
          minmay_the_grid_triangle_9x9_from_above,
          minmay_the_grid_triangle_9x9_dagger,
          minmay_the_grid_triangle_9x9_corruption,
          minmay_the_grid_triangle_9x9_limited_checkers,
          minmay_the_grid_triangle_9x9_subtriangle], layout_rooms, basic_altar,
          minmay_holes, minmay_guarded_unrand_variability
D:14:     layout_irregular_city, hangedman_vaults_entry_quadrant_bands,
          roderic_lattice_octagonal_star, minmay_misc_feat_rows
D:15:     gammafunk_depths_entry_grave, layout_irregular_city,
          portal_ice_cave_entry_ice_beasts, serial_shops,
          nicolae_shop_competitors_out_of_business,
          nicolae_dithmenos_through_a_glass_darkly, serial_column_ruins,
          column_ruins_grid_3, column_ruins_columns_straight,
          column_ruins_grid_1, column_ruins_open_tiny,
          column_ruins_columns_straight, column_ruins_open_small
Temple:   eino_wide_crystal_templ
Lair:1:   layout_chaotic_city, minmay_stone_trees_small, st_stairs_7,
          hangedman_lair_generics_rect
Lair:2:   layout_roguey, minmay_swamp_entry_worms, minivault_27
Lair:3:   layout_cave_pods, nicolae_spider_entry_orb_guardian,
          lemuel_old_faithful
Lair:4:   layout_roguey, uniq_nergalle
Lair:5:   layout_loops_ring, slime_dummy, special_room
          [special_room_mythical_zoo], st_stairs_9, forest_entry_grove,
          lemuel_fruit_tree, minmay_lair_oklob_chamber
Lair:6:   minmay_lair_end_frog_pond, layout_concentric_octagons,
          minmay_lair_oklob_bushes
Swamp:1:  layout_falls_marsh, nicolae_swamp_feature_on_the_river_bank,
          infiniplex_staircase_pool, uniq_donald
Swamp:2:  gammafunk_the_bubble [the_bubble_gammafunk_crates],
          layout_basic_swamp, hangedman_swamp_ruin_hall, swamp_pool4
Swamp:3:  gammafunk_mikee_crab_dinner, layout_basic_swamp,
          evilmike_swamp_ruin_house_3
Swamp:4:  swamp_alternative, layout_basic_swamp, uniq_kirke, uniq_louise
Spider:1: layout_spider_delve
Spider:2: layout_spider_delve, uniq_arachne, uniq_frances, uniq_nikola
Spider:3: layout_spider_delve, drop_trap, nicolae_orb_stairs,
          nicolae_spider_cling_halls, uniq_bai_suzhen
Spider:4: grunt_spider_rune_circles, uniq_roxanne
Orc:1:    cheibrodos_orc_guarddog, layout_caves, serial_shops, shop
Orc:2:    grunt_orc_cross, layout_diamond_mine, mines2_lemuel, uniq_azrael,
          uniq_sonja
Elf:1:    minmay_elf_arrival_plus, layout_loops_cross, minmay_elf_annihilation
Elf:2:    layout_loops_ring, serial_shops, nicolae_shop_stone, shop,
          nicolae_shop_window_shopping, einodemon_armed_red_devil_minivault

Skill      XL: |  1  2  3  4  5  6  7  8  9 10 11 12 13 14 15 16 17 18 19 |
---------------+----------------------------------------------------------+-----
Axes           | 3 5 7 8 10 12 13 15 16 17 18 19 20 21 22 23 | 23.2
Fighting       | 4 5 6 7 8 9 10 11 12 13 14 15 | 15.0
Armour         | 4 5 6 8 9 10 11 12 13 14 15 16 | 16.2
Shields        | 4 5 6 8 10 11 12 14 15 16 17 18 | 18.3
Throwing       | 2 3 4 5 6 7 8 9 10 11 | 11.2
Dodging        | 1 2 3 4 5 |  5.0
Invocations    | 1 |  1.1
Evocations     | |  0.2

Action                   |  1- 3 |  4- 6 |  7- 9 | 10-12 | 13-15 | 16-18 | 19-21 || total
-------------------------+-------+-------+-------+-------+-------+-------+-------++-------
Melee: War axe           |   125 |   219 |   372 |   676 |   117 |       |       ||  1509
       Broad axe         |       |       |       |       |   863 |  1173 |   367 ||  2403
Throw: Dart              |       |     8 |    95 |   122 |    16 |   207 |    11 ||   459
       Boomerang         |       |       |     9 |    35 |   228 |   209 |    59 ||   540
       Javelin           |       |       |       |     4 |     9 |     4 |    17 ||    34
Invok: Heroism           |       |       |       |     3 |     6 |     5 |     7 ||    21
Evoke: Wand              |       |       |     3 |     5 |     1 |     1 |     3 ||    13
  Use: Potion            |     1 |       |       |     2 |     3 |     2 |     8 ||    16
       Scroll            |       |       |    14 |     6 |    15 |    10 |     8 ||    53
 Stab: Confused          |       |       |       |     4 |       |     1 |     3 ||     8
       Petrifying        |       |       |       |       |       |     1 |       ||     1
       Petrified         |       |       |       |       |       |     1 |       ||     1
       Held in net/web   |       |       |       |       |       |     2 |       ||     2
  Eat: Chunk             |     2 |     7 |    14 |    24 |    32 |    37 |    13 ||   129
       Ration            |       |       |     3 |     2 |     2 |     3 |     2 ||    12
Armor: Chain mail        |    85 |   146 |   172 |   264 |   353 |   757 |   229 ||  2006
Dodge: Dodged            |    24 |    44 |    84 |   104 |   209 |   511 |   143 ||  1119
Block: Kite shield       |    71 |   133 |   192 |    78 |       |       |       ||   474
       Tower shield      |       |       |       |   487 |   685 |       |       ||  1172
       Buckler           |       |       |       |       |    93 |   633 |   159 ||   885
       Reflection        |       |       |       |       |    24 |    14 |    16 ||    54
       Rpst.: Broad axe  |       |       |       |       |       |    33 |    22 ||    55
